 Dungeon Crawl Stone Soup version 0.31-a0-152-g6aa68a64a1 (webtiles) character file.

Game seed: 205094404206787541

297 qw the Shooter (level 6, -21/55 HPs)
             Began as a Minotaur Hunter on June 9, 2023.
             Killed from afar by a steam dragon (24 damage)
             ... with a ball of steam
             ... on level 4 of the Dungeon.
             The game lasted 00:01:12 (2964 turns).

qw the Shooter (Minotaur Hunter)                    Turns: 2964, Time: 00:01:12

Health: -21/55     AC:  7    Str: 15    XL:     6   Next: 12%
Magic:  5/5        EV: 11    Int:  6    God:
Gold:   161        SH:  0    Dex: 16    Spells: 5/5 levels left

rFire   . . .        Y - +0 shortbow
rCold   + . .        (shield currently unavailable)
rNeg    . . .        m - +0 ring mail
rPois   .            (helmet restricted)
rElec   .            (no cloak)
rCorr   .            d - +0 pair of gloves
SInv    +            l - +0 pair of boots
Will    .....        (no amulet)
Stlth   +            g - ring of see invisible
HPRegen 0.29/turn    b - ring of protection from cold
MPRegen 0.09/turn

%: no passive effects
@: no status effects
A: horns 2, retaliatory headbutt
a: no special abilities


You were on level 4 of the Dungeon.
You visited 1 branch of the dungeon, and saw 4 of its levels.

You collected 161 gold pieces.


Innate Abilities, Weirdness & Mutations

You have a pair of horns on your head.
You reflexively headbutt those who attack you in melee.


   Skills:
 - Level 4.8 Fighting
 - Level 7.0 Ranged Weapons
 + Level 1.2 Armour
 - Level 2.1 Dodging
 - Level 0.7 Stealth


You had 5 spell levels left.
You didn't know any spells.
Your spell library was empty.

Inventory:

Hand Weapons
 Y - a +0 shortbow (weapon)
Armour
 d - a +0 pair of gloves (worn)
 l - a +0 pair of boots (worn)
 m - a +0 ring mail (worn)
 p - a +0 cloak
Jewellery
 b - a ring of protection from cold (right hand)
 e - a ring of fire
 g - a ring of see invisible (left hand)
Scrolls
 c - a scroll of enchant armour {unknown}
 o - 2 scrolls of identify
Potions
 a - a potion of lignification {unknown}
 f - 2 potions of curing {unknown}
 h - a potion of mutation {unknown}
 i - a potion of haste {unknown}
 j - a potion of heal wounds {unknown}
 k - a potion of brilliance {unknown}
 n - a potion of magic {unknown}
 q - a potion of enlightenment {unknown}

Dungeon Overview and Level Annotations

Branches:
Dungeon (4/15)
 Temple: D:4-7

Altars:
Fedhas
Ru
Xom

Annotations:
D:4 2 transporters, 4 runed translucent doors


Message History

The steam dragon breathes steam at you. The ball of steam hits you!
You shoot an arrow.
The arrow closely misses the steam dragon.
You are engulfed in a cloud of scalding steam.
The steam dragon bites you but does no damage.
The steam dragon barely misses you.
You shoot an arrow.
The arrow hits the steam dragon but does no damage.
You are engulfed in a cloud of scalding steam.
The steam dragon breathes steam at you. The ball of steam hits you.
You shoot an arrow.
The arrow hits the steam dragon but does no damage.
You are engulfed in a cloud of scalding steam.
The steam dragon bites you but does no damage.
The steam dragon claws you but does no damage.
You shoot an arrow. The arrow hits the steam dragon.
The steam dragon is lightly wounded.
You are engulfed in a cloud of scalding steam.
The steam dragon bites you! The steam dragon closely misses you.
The steam dragon breathes steam at you. The ball of steam hits you.
You shoot an arrow.
The arrow hits the steam dragon but does no damage.
The steam dragon is lightly wounded.
You are engulfed in a cloud of scalding steam.
The steam dragon bites you! The steam dragon claws you.
You shoot an arrow. The arrow hits the steam dragon.
The steam dragon is lightly wounded.
The steam dragon bites you but does no damage.
The steam dragon barely misses you.
You shoot an arrow. The arrow hits the steam dragon.
The steam dragon is moderately wounded.
The steam dragon misses you. x2
You shoot an arrow. The arrow hits the steam dragon.
The steam dragon is moderately wounded.
The steam dragon breathes steam at you. The ball of steam hits you!!
You die...

#.......##...[# #8....8#...
#........###### #)....(#...
##.......# #?....:#...
#......## #8..g.8#...
####....(.#. #####8rg8##...
#.........#. ##.'.##++##..##
#.........#. #.##...........
#.........#D####.#.##...###..
####......##@..%##.....#####.
#........######......#.##..
#...##.................#...
##...##.........(......#...
#.#......>.............%..
#####..##............####.
#................## ##
#...#............# ####
######.......<...###.##


You could see a steam dragon (catching breath).

Vanquished Creatures
  A scorpion (D:3)
  2 sleepcaps (D:4)
  8 adders
  A gnoll (D:1)
  A shadow imp (D:4)
  4 dart slugs
  An orc (D:4)
  6 ball pythons
  8 endoplasms
  2 giant cockroaches
  2 goblins
  12 hobgoblins
  9 jackals
  3 quokkas (D:3)
  6 bats
  6 frilled lizards
  7 kobolds
  5 rats
84 creatures vanquished.

Notes
Turn   | Place    | Note
-------+----------+-------------------------------------------
     0 | D:1      | qw the Minotaur Hunter began the quest for the Orb.
     0 | D:1      | Reached XP level 1. HP: 18/18 MP: 0/0
     0 | D:1      | 0 ||| qw: Version: 0.2-a-121-gba3a3e5
     0 | D:1      | 0 ||| qw: Game counter: 3182
     0 | D:1      | 0 ||| qw: Always use a shield: true
     0 | D:1      | 0 ||| qw: God list: Okawaru
     0 | D:1      | 0 ||| qw: Allow faded altars: false
     0 | D:1      | 0 ||| qw: Do Orc after D:15 true
     0 | D:1      | 0 ||| qw: Do second Lair branch before Depths: true
     0 | D:1      | 0 ||| qw: Lair rune preference: random
     0 | D:1      | 0 ||| qw: Plans: Normal
     0 | D:1      | 0 ||| PLANNING D:1-11
   148 | D:1      | Reached XP level 2. HP: 24/25 MP: 1/1
   164 | D:1      | You fall into a shaft and drop 1 floor!
   216 | D:2      | Reached skill level 5 in Ranged Weapons
   241 | D:2      | Reached skill level 3 in Fighting
   288 | D:2      | Reached XP level 3. HP: 31/31 MP: 2/2
   364 | D:2      | 364 ||| UPGRADING to +0 pair of gloves.
   369 | D:2      | 369 ||| UPGRADING to ring of see invisible.
   370 | D:2      | 370 ||| READING scroll labelled LYQIGR JAVAVOJI.
   371 | D:2      | 371 ||| DRINKING 2 inky potions.
   372 | D:2      | 372 ||| DROPPING scroll of butterflies.
   373 | D:2      | 373 ||| DROPPING potion of attraction.
  1055 | D:1      | 1055 ||| UPGRADING to ring of protection from cold.
  1056 | D:1      | 1056 ||| READING 2 scrolls labelled FIOLYE FUOSE.
  1057 | D:1      | 1057 ||| READING scroll labelled CICREA DYIPUHEO.
  1058 | D:1      | 1058 ||| READING scroll labelled VAITOJ FUCSOJA.
  1059 | D:1      | 1059 ||| READING scroll labelled JUNGUT LUIRGH.
  1060 | D:1      | 1060 ||| DROPPING scroll of noise.
  1289 | D:2      | Reached XP level 4. HP: 38/38 MP: 3/3
  1505 | D:3      | Reached skill level 6 in Ranged Weapons
  1586 | D:3      | Found a sacrificial altar of Ru.
  1586 | D:3      | Found a blossoming altar of Fedhas.
  1602 | D:3      | Reached skill level 1 in Armour
  1829 | D:3      | Noticed a scorpion
  1841 | D:3      | Killed a scorpion
  1842 | D:3      | Reached XP level 5. HP: 19/47 MP: 4/4
  2302 | D:3      | Found a faded altar of an unknown god.
  2406 | D:3      | 2406 ||| UPGRADING to +0 pair of boots.
  2411 | D:3      | 2411 ||| UPGRADING to +0 ring mail.
  2421 | D:3      | 2421 ||| DROPPING +0 leather armour.
  2422 | D:3      | 2422 ||| DRINKING 2 glowing amethyst potions.
  2423 | D:3      | 2423 ||| DROPPING potion of invisibility.
  2465 | D:4      | Found a shimmering altar of Xom.
  2624 | D:4      | Found a transporter.
  2708 | D:4      | Found a transporter.
  2768 | D:4      | Found a large runed translucent door.
  2769 | D:4      | Found a large runed translucent door.
  2838 | D:4      | Found a large runed translucent door.
  2838 | D:4      | Found a large runed translucent door.
  2845 | D:4      | Found the +4 consecrated labrys {holy, Valiant Fragile Fly
                  | SInv}
  2877 | D:4      | Reached XP level 6. HP: 55/55 MP: 5/5
  2945 | D:4      | Reached skill level 7 in Ranged Weapons
  2953 | D:4      | Noticed a steam dragon
  2961 | D:4      | HP: 13/55 [steam dragon] (1)]
  2961 | D:4      | HP: 2/55 [steam dragon (5)]
  2964 | D:4      | Killed from afar by a steam dragon

Levels and vault maps discovered:
D:1:      heliophobic_arrival_henge, layout_basic
D:2:      layout_basic
D:3:      layout_basic, chequers_temple_overflow_statue_of_worship,
          basic_ecumenical_altar, grunt_ministairs_1
D:4:      gammafunk_steamed_eel, layout_cave_pools, xom_confusion_cloud,
          minmay_hollow_rounded_squares

Skill      XL: |  1  2  3  4  5  6 |
---------------+-------------------+-----
Ranged Weapons | 5 6 7 |  7.0
Fighting       | 3 4 |  4.8
Armour         | 1 |  1.2
Dodging        | |  2.1
Stealth        | |  0.7

Action                     |  1- 3 |  4- 6 || total
---------------------------+-------+-------++-------
   Fire: Shortbow          |   131 |   161 ||   292
    Use: Scroll            |     5 |       ||     5
         Potion            |     1 |     1 ||     2
 Armour: Leather armour    |     9 |     8 ||    17
         Ring mail         |       |    19 ||    19
  Dodge: Dodged            |    29 |    48 ||    77

Table legend:
 A = Non-vault XP
 B = Vault XP
 C = Vault XP percentage of total XP
 D = Non-vault monster count
 E = Vault monster count
 F = Vault count percentage of total count
                 A         B        C        D         E       F
            +---------+---------+-------+---------+---------+-------
      Total |     300 |     125 |  29.4 |      67 |      17 |  20.2
            +---------+---------+-------+---------+---------+-------
        D:1 |      61 |       0 |   0.0 |      27 |       0 |   0.0
        D:2 |      42 |       0 |   0.0 |      18 |       0 |   0.0
        D:3 |     148 |       3 |   2.0 |      16 |       2 |  11.1
        D:4 |      49 |     122 |  71.3 |       6 |      15 |  71.4
            +---------+---------+-------+---------+---------+-------
